SNL (28 & UNDER)
MONTGOMERY BISCUITS @ WICHITA WRANGLERS
06/13/2023
 
TOP OF THE 1ST
Montgomery Biscuits batting - Pitching for Wichita Wranglers : RHP Alfonso Ortíz
Pitching: RHP Alfonso Ortíz
Batting: RHB Gabriel Miranda 0-0: Ball
1-0: Called Strike
1-1: Ball
2-1: Foul Ball, location: 2F
2-2: Foul Ball, location: 2F
2-2: Ball
3-2: Foul Ball, location: 2F
3-2: Foul Ball, location: 2F
3-2: Base on Balls
Batting: RHB Orlando Sánchez 0-0: Ball
1-0: Called Strike
1-1: Ball
2-1: Ball
3-1: Foul Ball, location: 2F
3-2: SINGLE (Line Drive, 7S)
Gabriel Miranda to second
Batting: LHB Ben Kelley 0-0: Foul Ball, location: 2F
0-1: Foul Ball, location: 2F
0-2: Ball
1-2: Ball
2-2: Foul Ball, location: 2F
2-2: Foul Ball, location: 2F
2-2: Ball
3-2: DOUBLE (Line Drive, 7LM)
Gabriel Miranda scores
Orlando Sánchez to third
Runner from 3rd tries for Home, SAFE, no throw or cutoff
Batting: RHB Jean-Paul St-Pierre 0-0: Ball
1-0: Called Strike
1-1: Ball
2-1: Swinging Strike
2-2: Ball
3-2: Base on Balls
Batting: RHB Vicente Carona 0-0: Ball
1-0: Ball
2-0: Ball
3-0: Called Strike
3-1: Swinging Strike
3-2: Base on Balls
Ben Kelley to third
Jean-Paul St-Pierre to second
Batting: RHB Dave Williams 0-0: Ball
1-0: Ball
2-0: Called Strike
2-1: Ball
3-1: Foul Ball, location: 2F
3-2: Strikes out swinging
Batting: RHB Pete Smith 0-0: Called Strike
0-1: Foul Ball, location: 2F
0-2: Ball
1-2: Foul Ball, location: 2F
1-2: Foul Ball, location: 2F
1-2: Strikes out swinging
Batting: RHB Larry Mitchell 0-0: Foul Ball, location: 2F
0-1: Foul Ball, location: 2F
0-2: Strikes out swinging
Top of the 1st over - 2 run(s), 2 hit(s), 0 error(s), 3 left on base; Montgomery 2 - Wichita 0
BOTTOM OF THE 1ST
Wichita Wranglers batting - Pitching for Montgomery Biscuits : RHP César Morín
Pitching: RHP César Morín
Batting: RHB Cho-yun Qiao 0-0: Called Strike
0-1: Called Strike
0-2: Ball
1-2: Strikes out swinging
Batting: RHB Anthony Rucker 0-0: Ball
1-0: Called Strike
1-1: Swinging Strike
1-2: Foul Ball, location: 2F
1-2: Foul Ball, location: 2F
1-2: Ball
2-2: Ball
3-2: Foul Ball, location: 2F
3-2: Foul Ball, location: 2F
3-2: Foul Ball, location: 2F
3-2: Base on Balls
Batting: LHB Tom Robinson 0-0: Foul Ball, location: 2F
0-1: Called Strike
0-2: Ball
1-2: Grounds into double play, 5-4-3 (Groundball, 5)
Bottom of the 1st over - 0 run(s), 0 hit(s), 0 error(s), 0 left on base; Montgomery 2 - Wichita 0
TOP OF THE 2ND
Montgomery Biscuits batting - Pitching for Wichita Wranglers : RHP Alfonso Ortíz
Batting: SHB Andrew Curran 0-0: SINGLE (Flyball, 89S)
Batting: RHB Gabriel Miranda Pickoff Throw to First - Out!
0-0: Swinging Strike
0-1: Ball
1-1: Ball
2-1: Swinging Strike
2-2: Strikes out swinging
Batting: RHB Orlando Sánchez 0-0: Called Strike
0-1: Ball
1-1: Swinging Strike
1-2: DOUBLE (Line Drive, 7LM)
Batting: LHB Ben Kelley 0-0: Ball
1-0: Ball
2-0: Called Strike
2-1: Foul Ball, location: 2F
2-2: Strikes out swinging
Top of the 2nd over - 0 run(s), 2 hit(s), 0 error(s), 1 left on base; Montgomery 2 - Wichita 0
BOTTOM OF THE 2ND
Wichita Wranglers batting - Pitching for Montgomery Biscuits : RHP César Morín
Batting: RHB Bob Hall 0-0: Ball
1-0: Called Strike
1-1: Foul Ball, location: 2F
1-2: Strikes out looking
Batting: RHB George Clark 0-0: Ball
1-0: SOLO HOME RUN (Flyball, 78XD), Distance : 384 ft
Batting: RHB Luis Sánchez 0-0: Fly out, F8 (Flyball, 8RM)
Batting: RHB Kyle Nelson 0-0: Called Strike
0-1: Foul Ball, location: 2F
0-2: SINGLE (Flyball, 8RS)
Batting: LHB Mario Cornelo 0-0: Ball
1-0: Ball
2-0: Foul Ball, location: 2F
2-1: Ball
3-1: Base on Balls
Kyle Nelson to second
Batting: RHB Jim Beck 0-0: Foul Ball, location: 2F
0-1: Hit by Pitch
Kyle Nelson to third
Mario Cornelo to second
Batting: RHB Cho-yun Qiao 0-0: Ball
1-0: Ball
2-0: Ball
3-0: Base on Balls
Kyle Nelson scores
Mario Cornelo to third
Jim Beck to second
Batting: RHB Anthony Rucker 0-0: Foul Ball, location: 2F
0-1: Foul Ball, location: 2F
0-2: Strikes out swinging
Bottom of the 2nd over - 2 run(s), 2 hit(s), 0 error(s), 3 left on base; Montgomery 2 - Wichita 2
TOP OF THE 3RD
Montgomery Biscuits batting - Pitching for Wichita Wranglers : RHP Alfonso Ortíz
Batting: RHB Jean-Paul St-Pierre 0-0: Called Strike
0-1: Foul Ball, location: 2F
0-2: Foul Ball, location: 2F
0-2: Strikes out swinging
Batting: RHB Vicente Carona 0-0: Called Strike
0-1: Foul Ball, location: 2F
0-2: Ball
1-2: Ball
2-2: Foul Ball, location: 2F
2-2: Ground out 5-3 (Groundball, 5L)
Batting: RHB Dave Williams 0-0: Foul Ball, location: 2F
0-1: Ball
1-1: Called Strike
1-2: SINGLE (Line Drive, 6MD)
Batting: RHB Pete Smith 0-0: Called Strike
0-1: Foul Ball, location: 2F
0-2: Ball
1-2: Strikes out looking
Top of the 3rd over - 0 run(s), 1 hit(s), 0 error(s), 1 left on base; Montgomery 2 - Wichita 2
BOTTOM OF THE 3RD
Wichita Wranglers batting - Pitching for Montgomery Biscuits : RHP César Morín
Batting: LHB Tom Robinson 0-0: Called Strike
0-1: Ground out 6-3 (Groundball, 6)
Batting: RHB Bob Hall 0-0: Called Strike
0-1: Swinging Strike
0-2: Strikes out swinging
Batting: RHB George Clark 0-0: Called Strike
0-1: Ground out 6-3 (Groundball, 6)
Bottom of the 3rd over - 0 run(s), 0 hit(s), 0 error(s), 0 left on base; Montgomery 2 - Wichita 2
TOP OF THE 4TH
Montgomery Biscuits batting - Pitching for Wichita Wranglers : RHP Alfonso Ortíz
Batting: RHB Larry Mitchell 0-0: Ground out 5-3 (Groundball, 5S)
Batting: SHB Andrew Curran 0-0: Called Strike
0-1: Fly out, F8 (Flyball, 78M)
Batting: RHB Gabriel Miranda 0-0: Ball
1-0: Ground out 6-3 (Groundball, 6M)
Top of the 4th over - 0 run(s), 0 hit(s), 0 error(s), 0 left on base; Montgomery 2 - Wichita 2
BOTTOM OF THE 4TH
Wichita Wranglers batting - Pitching for Montgomery Biscuits : RHP César Morín
Batting: RHB Luis Sánchez 0-0: Ball
1-0: Ball
2-0: Called Strike
2-1: Ball
3-1: Called Strike
3-2: Base on Balls
Batting: RHB Kyle Nelson 0-0: Ball
1-0: Swinging Strike
1-1: Swinging Strike
1-2: Ball
2-2: Ball
3-2: Foul Ball, location: 2F
3-2: Foul Ball, location: 2F
3-2: Strikes out swinging
Batting: LHB Mario Cornelo 0-0: Fly out, F5 (Popup, 56S)
Batting: RHB Jim Beck 0-0: Swinging Strike
0-1: Called Strike
0-2: Ball
1-2: Strikes out looking
Bottom of the 4th over - 0 run(s), 0 hit(s), 0 error(s), 1 left on base; Montgomery 2 - Wichita 2
TOP OF THE 5TH
Montgomery Biscuits batting - Pitching for Wichita Wranglers : RHP Alfonso Ortíz
Batting: RHB Orlando Sánchez 0-0: Called Strike
0-1: Called Strike
0-2: Ground out 4-3 (Groundball, 4)
Batting: LHB Ben Kelley 0-0: Ball
1-0: Ball
2-0: Foul Ball, location: 2F
2-1: Called Strike
2-2: Foul Ball, location: 2F
2-2: DOUBLE (Line Drive, 8RXD)
Pitching: LHP Carlos Aguilar
Batting: RHB Jean-Paul St-Pierre 0-0: Ball
1-0: Foul Ball, location: 2F
1-1: Ball
2-1: Ball
3-1: Called Strike
3-2: Base on Balls
Batting: RHB Vicente Carona 0-0: Called Strike
0-1: Grounds into double play, 5-4-3 (Groundball, 5)
Top of the 5th over - 0 run(s), 1 hit(s), 0 error(s), 1 left on base; Montgomery 2 - Wichita 2
BOTTOM OF THE 5TH
Wichita Wranglers batting - Pitching for Montgomery Biscuits : RHP César Morín
Batting: RHB Cho-yun Qiao 0-0: SINGLE (Groundball, 56D)
Batting: RHB Anthony Rucker 0-0: Fly out, F8 (Flyball, 89D)
Batting: LHB Tom Robinson 0-0: Called Strike
0-1: Ball
1-1: Ball
Cho-yun Qiao steals 2nd base
2-1: SINGLE (Groundball, 34)
Cho-yun Qiao to third
Runner from 3rd tries for Home, SAFE, no throw or cutoff
Batting: RHB Bob Hall 0-0: Called Strike
0-1: SINGLE (Groundball, 23) (infield hit)
Tom Robinson to second
Batting: RHB George Clark 0-0: Ground out 4-3 (Groundball, 4M)
Tom Robinson to third
Bob Hall to second
Batting: RHB Luis Sánchez 0-0: Called Strike
0-1: Ball
1-1: DOUBLE (Flyball, 78M)
Tom Robinson scores
Bob Hall scores
Batting: RHB Kyle Nelson 0-0: Ball
1-0: Ball
2-0: Called Strike
2-1: Fly out, F7 (Flyball, 78M)
Bottom of the 5th over - 3 run(s), 4 hit(s), 0 error(s), 1 left on base; Montgomery 2 - Wichita 5
TOP OF THE 6TH
Montgomery Biscuits batting - Pitching for Wichita Wranglers : LHP Carlos Aguilar
Batting: RHB Dave Williams 0-0: Ground out 6-3 (Groundball, 6S)
Batting: RHB Pete Smith 0-0: Ball
1-0: Called Strike
1-1: Foul Ball, location: 2F
1-2: Fly out, F8 (Flyball, 8LXD)
Batting: RHB Larry Mitchell 0-0: Ball
1-0: SINGLE (Groundball, 34D)
Batting: SHB Andrew Curran 0-0: DOUBLE (Groundball, 5L)
Larry Mitchell to third
Batting: RHB Gabriel Miranda 0-0: Called Strike
0-1: SINGLE (Line Drive, 89S)
Larry Mitchell scores
Andrew Curran to third
Runner from 3rd tries for Home, SAFE, no throw or cutoff
Batting: RHB Orlando Sánchez 0-0: Called Strike
0-1: Foul Ball, location: 2F
0-2: Reached on error, E6 (Groundball, 6)
Gabriel Miranda to second
Batting: LHB Ben Kelley 0-0: Foul Ball, location: 2F
0-1: Foul Ball, location: 2F
0-2: Ball
1-2: SINGLE (Flyball, 8LS)
Gabriel Miranda to third
Orlando Sánchez to second
Runner from 3rd tries for Home, SAFE, no throw or cutoff
Batting: RHB Jean-Paul St-Pierre 0-0: Ball
1-0: Ball
2-0: Ground out 4-3 (Groundball, 4)
Top of the 6th over - 3 run(s), 4 hit(s), 1 error(s), 2 left on base; Montgomery 5 - Wichita 5
BOTTOM OF THE 6TH
Wichita Wranglers batting - Pitching for Montgomery Biscuits : RHP César Morín
Batting: LHB Mario Cornelo 0-0: Fly out, F7 (Flyball, 7M)
Batting: RHB Jim Beck 0-0: Ball
1-0: Foul Ball, location: 2F
1-1: Ball
2-1: Swinging Strike
2-2: Strikes out swinging
Batting: RHB Cho-yun Qiao 0-0: Ground out 6-3 (Groundball, 6)
Bottom of the 6th over - 0 run(s), 0 hit(s), 0 error(s), 0 left on base; Montgomery 5 - Wichita 5
TOP OF THE 7TH
Montgomery Biscuits batting - Pitching for Wichita Wranglers : LHP Carlos Aguilar
Pitching: RHP Tom Long
Batting: RHB Vicente Carona 0-0: Ball
1-0: Ball
2-0: Called Strike
2-1: Ball
3-1: Foul Ball, location: 2F
3-2: Base on Balls
Batting: RHB Dave Williams 0-0: Bunted foul
0-1: Bunted foul
0-2: Ball
1-2: Ground out U3 (Groundball, 3S)
Vicente Carona to second
Pinch Hitting: LHB José Flores 0-0: Intentional Walk
Pitching: LHP Tommy Campbell
Batting: RHB Larry Mitchell 0-0: Called Strike
0-1: Ball
1-1: Swinging Strike
1-2: 3-RUN HOME RUN (Flyball, 78XD), Distance : 387 ft
Batting: SHB Andrew Curran 0-0: Called Strike
0-1: Foul Ball, location: 2F
0-2: Ball
1-2: Fly out, F5 (Line Drive, 5)
Batting: RHB Gabriel Miranda 0-0: Called Strike
0-1: Ball
1-1: Fly out, F8 (Flyball, 8LD)
Top of the 7th over - 3 run(s), 1 hit(s), 0 error(s), 0 left on base; Montgomery 8 - Wichita 5
BOTTOM OF THE 7TH
Wichita Wranglers batting - Pitching for Montgomery Biscuits : RHP César Morín
Now in LF: José Flores
Batting: RHB Anthony Rucker 0-0: Ball
1-0: SINGLE (Line Drive, 78M)
Batting: LHB Tom Robinson 0-0: Called Strike
0-1: Ball
1-1: Foul Ball, location: 2F
1-2: Ball
2-2: Foul Ball, location: 2F
2-2: SINGLE (Line Drive, 8LS)
Anthony Rucker to second
Runner from 2nd tries for 3rd, SAFE, throw made to third
Pitching: RHP Ángel Ávila
Batting: RHB Bob Hall 0-0: Ball
1-0: Ball
2-0: Foul Ball, location: 2F
2-1: Foul Ball, location: 2F
2-2: Ball
3-2: SINGLE (Groundball, 4MD)
Anthony Rucker scores
Tom Robinson to second
Runner from 2nd tries for 3rd, SAFE, throw made to third
Pinch Hitting: LHB Bob Greene 0-0: Called Strike
0-1: Called Strike
0-2: Ball
1-2: Strikes out looking
Pinch Hitting: RHB Jesús Ibarra 0-0: Foul Ball, location: 2F
0-1: Ball
1-1: Fielders Choice at 2nd, 5-4 (Groundball, 5L)
Tom Robinson scores
Batting: RHB Kyle Nelson 0-0: Ball
1-0: Called Strike
1-1: Called Strike
1-2: Strikes out swinging
Bottom of the 7th over - 2 run(s), 3 hit(s), 0 error(s), 1 left on base; Montgomery 8 - Wichita 7
TOP OF THE 8TH
Montgomery Biscuits batting - Pitching for Wichita Wranglers : LHP Tommy Campbell
Now at 3B: Javier Coronado
Now in RF: Jesús Ibarra
Batting: RHB Orlando Sánchez 0-0: Ball
1-0: Ball
2-0: Ground out 6-3 (Groundball, 6M)
Batting: LHB Ben Kelley 0-0: Ball
1-0: Swinging Strike
1-1: Foul Ball, location: 2F
1-2: Strikes out looking
Batting: RHB Jean-Paul St-Pierre 0-0: Ball
1-0: Called Strike
1-1: Foul Ball, location: 2F
1-2: Strikes out swinging
Top of the 8th over - 0 run(s), 0 hit(s), 0 error(s), 0 left on base; Montgomery 8 - Wichita 7
BOTTOM OF THE 8TH
Wichita Wranglers batting - Pitching for Montgomery Biscuits : RHP Ángel Ávila
Pitching: LHP Gonzalo Martínez
Batting: LHB Mario Cornelo 0-0: Ball
1-0: Ball
2-0: Called Strike
2-1: Ball
3-1: Foul Ball, location: 2F
3-2: Strikes out looking
Batting: RHB Jim Beck 0-0: Ground out 6-3 (Groundball, 56)
Batting: RHB Cho-yun Qiao 0-0: Ball
1-0: Ball
2-0: Ball
3-0: Called Strike
3-1: Ground out 5-3 (Groundball, 56S)
Bottom of the 8th over - 0 run(s), 0 hit(s), 0 error(s), 0 left on base; Montgomery 8 - Wichita 7
TOP OF THE 9TH
Montgomery Biscuits batting - Pitching for Wichita Wranglers : LHP Tommy Campbell
Batting: RHB Vicente Carona 0-0: Foul Ball, location: 2F
0-1: Swinging Strike
0-2: Foul Ball, location: 2F
0-2: Ball
1-2: Foul Ball, location: 2F
1-2: Ball
2-2: Foul Ball, location: 2F
2-2: Ball
3-2: Foul Ball, location: 2F
3-2: Foul Ball, location: 2F
3-2: Foul Ball, location: 2F
3-2: Strikes out swinging
Batting: RHB Dave Williams 0-0: Ball
1-0: Foul Ball, location: 2F
1-1: Called Strike
1-2: Ball
2-2: SINGLE (Line Drive, 78S)
Pinch Hitting: RHB Dave Dawson 0-0: Called Strike
0-1: Ball
1-1: Ball
2-1: Ball
3-1: Foul Ball, location: 2F
3-2: Base on Balls
Dave Williams to second
Pitching: RHP Doug Adams
Batting: RHB Larry Mitchell 0-0: Ground out 5-3 (Groundball, 5)
Dave Williams to third
Dave Dawson to second
Batting: SHB Andrew Curran 0-0: Foul Ball, location: 2F
0-1: Reached on error, E6 (Groundball, 6)
Dave Williams scores
Dave Dawson scores
Batting: RHB Gabriel Miranda 0-0: Ball
1-0: Ball
2-0: Foul Ball, location: 2F
2-1: Ground out 5-3 (Groundball, 56)
Top of the 9th over - 2 run(s), 1 hit(s), 1 error(s), 1 left on base; Montgomery 10 - Wichita 7
BOTTOM OF THE 9TH
Wichita Wranglers batting - Pitching for Montgomery Biscuits : LHP Gonzalo Martínez
Pitching: RHP Domingo Ortíz
Now in LF: Dave Dawson
Batting: RHB Anthony Rucker 0-0: Fly out, F6 (Popup, 56D)
Batting: LHB Tom Robinson 0-0: Ball
1-0: Ball
2-0: Called Strike
2-1: Ground out 5-3 (Groundball, 56)
Batting: RHB Bob Hall 0-0: Swinging Strike
0-1: Called Strike
0-2: Ball
1-2: Ground out 4-3 (Groundball, 4M)
Bottom of the 9th over - 0 run(s), 0 hit(s), 0 error(s), 0 left on base; Montgomery 10 - Wichita 7
This league is powered by Out of the Park Baseball, the baseball management simulation game for PC, Mac and Linux
Wednesday, December 2nd, 2015 - OOTP Baseball 16.8 Build 38